 Dungeon Crawl Stone Soup version 0.30-a0-341-g682706514a (webtiles) character file.

Game seed: 6926907067865910715

432 BritishOli the Trooper (level 6, -3/49 HPs)
             Began as a Demonspawn Gladiator on Nov 5, 2022.
             Slain by Edmund
             ... wielding a +4 dire flail of protection
              (7 damage)
             ... on level 4 of the Dungeon.
             The game lasted 00:04:01 (3897 turns).

BritishOli the Trooper (Demonspawn Gladiator)       Turns: 3897, Time: 00:04:01

Health: -3/49      AC: 13    Str: 16    XL:     6   Next: 67%
Magic:  6/6        EV:  5    Int:  9    God:
Gold:   274        SH:  0    Dex: 15    Spells: 5/5 levels left

rFire   . . .      SeeInvis .    a - +0 war axe
rCold   . . .      Faith    +    (no shield)
rNeg    . . .      Spirit   .    h - +0 plate armour
rPois   .          Reflect  .    c - +0 helmet
rElec   .          Harm     .    (no cloak)
rCorr   .          Rampage  .    (no gloves)
Will    .....                    (no boots)
Stlth   ..........               o - amulet of faith
HPRegen 0.28/turn                (no ring)
MPRegen 0.10/turn                (no ring)

@: no status effects
A: foul stench 1, sharp scales 1
a: no special abilities


You were on level 4 of the Dungeon.
You visited 1 branch of the dungeon, and saw 4 of its levels.

You collected 274 gold pieces.

Inventory:

Hand Weapons
 a - a +0 war axe (weapon)
Missiles
 d - 2 throwing nets (quivered)
 e - a javelin
Armour
 b - a +0 leather armour
 c - a +0 helmet (worn)
 h - a +0 plate armour (worn)
Jewellery
 o - an amulet of faith (around neck)
 r - a ring of resist corrosion
Wands
 C - a wand of quicksilver (6)
Scrolls
 f - 2 scrolls of poison {unknown}
 j - 2 scrolls of immolation {unknown}
 q - 3 scrolls of fear {unknown}
 u - a scroll of enchant weapon {unknown}
 v - 2 scrolls of teleportation {unknown}
 w - a scroll of enchant armour {unknown}
 x - 2 scrolls of identify {unknown}
 y - a scroll of magic mapping {unknown}
 A - a scroll of vulnerability {unknown}
 D - a scroll of butterflies {unknown}
 E - a scroll of amnesia {unknown}
Potions
 g - 3 potions of curing {unknown}
 i - a potion of lignification {unknown}
 k - a potion of mutation {unknown}
 l - a potion of resistance {unknown}
 m - a potion of brilliance {unknown}
 n - a potion of ambrosia {unknown}
 p - 3 potions of berserk rage {unknown}
 s - 2 potions of degeneration {unknown}
 t - a potion of heal wounds {unknown}
 z - a potion of magic {unknown}
 B - a potion of attraction {unknown}
 F - a potion of invisibility {unknown}


   Skills:
 * Level 4.5 Fighting
 + Level 4.3 Axes
 - Level 2.0 Throwing
 + Level 3.1 Armour
 - Level 3.0 Dodging


You had 5 spell levels left.
You didn't know any spells.
Your spell library contained the following spells:

 Spells                   Type           Power      Damage    Failure   Level
 Sublimation of Blood     Necr           0%         N/A       100%        2
 Petrify                  Tmut/Erth      0%         N/A       100%        4
 Irradiate                Conj/Tmut      0%         3d11      100%        5


Dungeon Overview and Level Annotations

Branches:
Dungeon (4/15)             Temple (0/1) D:4

Altars:
Ru

Shops:
D:3 *   D:4 (

Annotations:
D:4 Edmund


Innate Abilities, Weirdness & Mutations

You may rarely emit foul miasma when damaged in melee.
You are partially covered in razor-sharp scales. (AC +1, Slay +1)


Message History

You hit Edmund.
Edmund is moderately wounded.
Edmund hits you with a +4 dire flail of protection.
Edmund hits you with a +4 dire flail of protection!
* * * LOW HITPOINT WARNING * * *
You hit Edmund.
Edmund is moderately wounded.
Edmund hits you with a +4 dire flail of protection.
* * * LOW HITPOINT WARNING * * *
You hit Edmund.
Edmund is heavily wounded.
Edmund hits you but does no damage.
Throw: 3 throwing nets
Press: ? - help, Q - select action, (/) - cycle Shift-Dir - straight line, f - Edmund
Aim: Edmund, wielding a +4 dire flail of protection and wearing a +0 leather armour (moderately wounded, 63% to hit)
You throw a throwing net. The throwing net hits Edmund.
Edmund is caught in the net!
Edmund is moderately wounded.
Edmund struggles against the net.
You catch the helpless Edmund completely off-guard!
You hit Edmund.
Edmund is heavily wounded.
Edmund struggles against the net.
You hit Edmund but do no damage.
Edmund is heavily wounded.
Edmund struggles against the net. x2
You slash Edmund!
Edmund is severely wounded.
Edmund struggles against the net.
You hit Edmund but do no damage.
Edmund is severely wounded.
Edmund struggles against the net.
The net rips apart, and Edmund comes free!
You hit Edmund.
Edmund is severely wounded.
Edmund hits you but does no damage. x2
You hit Edmund.
Edmund is almost dead.
Edmund hits you with a +4 dire flail of protection!
You die...

#..#### ##...>......
..## ##......... .##
##........ ##
#..†..... # #######
####### #........
###.....## #.....##
##....... .........#
###.#....# ##......
.........# #.....⌠8.#
#......
.........####.#.@....#
##..)..
..............#.>@⌠8.#
#####.
.....)...)###........#
## #.........#
#####.⌠8.# #.
##........# ....#
######. ##.......#
##### #......
#.......# #......
##......# #...... #
##.....# ##......


You could see Edmund.

Vanquished Creatures
  2 phantoms (D:4)
  An orc priest (D:4)
  A hound (D:4)
  A jelly (D:4)
  An iguana (D:4)
  2 orc wizards
  5 adders
  A dart slug (D:2)
  5 orcs
  8 bats
  4 endoplasms
  6 giant cockroaches
  5 goblins
  6 hobgoblins
  3 jackals (D:4)
  5 kobolds
  4 quokkas
  7 ball pythons
  6 frilled lizards
  4 rats
77 creatures vanquished.

Notes
Turn   | Place    | Note
-------+----------+-------------------------------------------
     0 | D:1      | BritishOli the Demonspawn Gladiator began the quest for the
                  | Orb.
     0 | D:1      | Reached XP level 1. HP: 16/16 MP: 1/1
   302 | D:1      | Gained mutation: You are partially covered in razor-sharp
                  | scales. (AC +1, Slay +1) [demonic ancestry]
   302 | D:1      | Reached XP level 2. HP: 22/22 MP: 2/2
   838 | D:2      | Found a faded altar of an unknown god.
  1118 | D:2      | Reached XP level 3. HP: 28/28 MP: 3/3
  1506 | D:2      | Reached skill level 1 in Armour
  2005 | D:3      | Found Haret's Assorted Antiques.
  2104 | D:3      | Found a sacrificial altar of Ru.
  2109 | D:3      | Reached XP level 4. HP: 35/35 MP: 4/4
  2834 | D:4      | Noticed a phantom
  2851 | D:4      | Gained mutation: You may rarely emit foul miasma when
                  | damaged in melee. [demonic ancestry]
  2851 | D:4      | Reached XP level 5. HP: 7/41 MP: 5/5
  2855 | D:4      | Killed a phantom
  3324 | D:4      | Reached XP level 6. HP: 23/48 MP: 6/6
  3555 | D:4      | Found Yduleys's Weapon Shop.
  3879 | D:4      | Found a staircase to the Ecumenical Temple.
  3879 | D:4      | Noticed Edmund
  3889 | D:4      | HP: 1/49 [Edmund/+4 dire flail of protection (5)]
  3897 | D:4      | Slain by Edmund

Illustrated notes

Levels and vault maps discovered:
D:1:      psy_arrival_conway, layout_basic, minmay_misc_feat_alley,
          minmay_tromino_v2
D:2:      wad_river_or_something, layout_basic,
          hellmonk_ecumenical_altar_inner_sanctum
D:3:      layout_basic, nicolae_tso_swordbearing_angel,
          nicolae_ru_great_annihilating_truth, serial_shops, shop_coins
D:4:      layout_cave_pods, minmay_temple_entry_drinking_statues, serial_shops,
          nicolae_shop_bloodbath_and_beyond, hangedman_abyss_or_decor_stagger,
          uniq_edmund

Skill      XL: |  1  2  3  4  5  6 |
---------------+-------------------+-----
Throwing       | 2 |  2.0
Dodging        | 3 |  3.0
Axes           | 3 4 |  4.3
Armour         | 1 2 3 |  3.1
Fighting       | 3 4 |  4.5

Action                   |  1- 3 |  4- 6 || total
-------------------------+-------+-------++-------
Melee: War axe           |   102 |   130 ||   232
       Punch             |       |     2 ||     2
Throw: Throwing net      |       |     1 ||     1
 Stab: Paralysed         |       |     2 ||     2
       Held in net/web   |       |     1 ||     1
Armor: Plate armour      |    78 |   128 ||   206
       Leather armour    |     6 |       ||     6
Dodge: Dodged            |    36 |    45 ||    81

Table legend: (Time is in decaauts)
 A = Elapsed time spent in this place.
 B = Non-inter-level travel time spent in this place.
 C = Inter-level travel time spent in this place.
 D = Time resting spent in this place.
 E = Time spent auto-exploring this place.
 F = Levels seen in this place.
 G = Mean time per level.
                   A        B        C        D        E       F      G
               +--------+--------+--------+--------+--------+-----+--------+
         Total |   3980 |   3861 |    119 |    222 |   3089 |   4 |  995.0 |
       Dungeon |   3980 |   3861 |    119 |    222 |   3089 |   4 |  995.0 |
               +--------+--------+--------+--------+--------+-----+--------+

Top non-repeatable levels by time:
     D:2: 1277 daAuts
     D:4: 1096 daAuts
     D:3: 855 daAuts
     D:1: 750 daAuts
